Map: Odyssey LE

Players

SirJames - Winner!

  • Race: Protoss Protoss
  • League: Platinum
  • Spawn Location: 11:00

radgeRayden

  • Race: Zerg Zerg
  • League: Platinum
  • Spawn Location: 5:00

VOD

Have the link to the VOD?

Description

Time

  • Played on: Oct. 2, 2017, 2 a.m.
  • Length: 18:54
Show
View Real Time Build Order
Export as new Build Order

SirJames Protoss - Winner!

Build Orders:  

Get SALT Encoding   

  12  0:11  Pylon  
  12  0:13  Probe (Chrono Boost)  
  13  0:24  Probe (Chrono Boost)  
  14  0:35  Forge  
  14  0:38  Probe (Chrono Boost)  
  15  0:48  Pylon  
  15  0:50  Probe (Chrono Boost)  
  16  1:02  Probe (Chrono Boost)  
  17  1:14  Photon Cannon  
  17  1:21  Gateway  
  17  1:29  Gateway  
  17  1:40  Gateway  
  17  1:52  Gateway  
  17  2:04  Pylon  
  17  2:08  Zealot (Chrono Boost)  
  19  2:20  Zealot (Chrono Boost)  
  21  2:28  Zealot (Chrono Boost)  
  25  2:37  Zealot (Chrono Boost)  
  25  2:40  Pylon  
  29  2:45  Zealot (Chrono Boost)  
  29  2:47  Zealot (Chrono Boost)  
  29  2:52  Zealot (Chrono Boost)  
  31  3:04  Zealot (Chrono Boost)  
  37  3:13  Zealot (Chrono Boost)  
  37  3:15  Zealot (Chrono Boost)  
  37  3:16  Zealot (Chrono Boost)  
  39  3:31  Zealot (Chrono Boost)  
  41  3:40  Zealot (Chrono Boost)  
  45  3:42  Zealot (Chrono Boost)  
  45  3:44  Pylon  
  41  3:57  Zealot (Chrono Boost)  
  41  4:00  Zealot (Chrono Boost)  
  39  4:14  Zealot x2 (Chrono Boost)  
  37  4:21  Zealot (Chrono Boost)  
  31  4:35  Zealot (Chrono Boost)  
  35  4:41  Zealot x2 (Chrono Boost)  
  33  4:49  Cybernetics Core  
  33  4:50  Probe  
  34  5:02  Probe  
  34  5:04  Zealot (Chrono Boost)  
  33  5:23  Zealot (Chrono Boost)  
  33  5:27  Zealot x2 (Chrono Boost)  
  41  5:29  Assimilator  
  41  5:31  Zealot (Chrono Boost)  
  41  5:32  Assimilator  
  35  5:53  Zealot (Chrono Boost)  
  35  5:56  Zealot (Chrono Boost)  
  35  5:57  Zealot (Chrono Boost)  
  35  6:09  Probe  
  36  6:21  Probe  
  37  6:33  Probe  
  38  6:40  Nexus  
  38  6:45  Probe  
  43  6:57  Zealot x2 (Chrono Boost), Probe  
  30  7:15  Stargate  
  30  7:18  Stargate  
  24  7:49  Stargate  
  24  7:50  Stargate  
  24  8:02  Stargate  
  24  8:08  Cybernetics Core  
  24  8:26  Nexus  
  24  8:36  Void Ray (Chrono Boost)  
  28  8:43  Nexus  
  32  9:07  Void Ray (Chrono Boost)  
  32  9:19  Robotics Facility  
  32  9:27  Pylon  
  32  9:40  Probe  
  33  9:47  Pylon  
  33  9:50  Probe  
  21  10:01  Probe  
  21  10:03  Probe  
  15  10:15  Probe x2  
  17  10:30  Probe  
  17  10:35  Probe  
  19  10:50  Probe  
  19  10:51  Probe  
  21  11:02  Probe  
  22  11:10  Probe x2  
  22  11:14  Probe  
  25  11:20  Probe  
  25  11:25  Probe  
  26  11:27  Probe  
  26  11:31  Probe  
  29  11:39  Probe  
  29  11:40  Probe  
  29  11:41  Probe  
  32  11:50  Probe  
  32  11:52  Probe x2  
  35  12:01  Probe  
  35  12:05  Void Ray (Chrono Boost)  
  35  12:06  Probe  
  41  12:09  Probe  
  41  12:11  Probe  
  43  12:16  Probe  
  44  12:23  Probe  
  44  12:27  Probe  
  44  12:29  Void Ray (Chrono Boost)  
  50  12:33  Assimilator  
  50  12:35  Probe x2  
  52  12:37  Assimilator  
  52  12:43  Assimilator  
  52  12:44  Probe  
  52  12:45  Probe x2  
  55  12:56  Void Ray (Chrono Boost)  
  59  13:03  Probe  
  64  13:07  Void Ray (Chrono Boost)  
  68  13:13  Probe  
  68  13:15  Probe  
  68  13:19  Void Ray (Chrono Boost)  
  70  13:24  Probe  
  71  13:34  Void Ray (Chrono Boost)  
  75  13:35  Pylon  
  75  13:44  Pylon  
  75  13:48  Pylon  
  75  13:51  Pylon  
  75  13:52  Assimilator  
  75  13:58  Probe  
  80  14:03  Void Ray (Chrono Boost)  
  80  14:08  Probe  
  80  14:16  Void Ray (Chrono Boost)  
  85  14:19  Probe  
  85  14:22  Pylon  
  86  14:25  Pylon  
  86  14:29  Probe  
  86  14:30  Pylon  
  87  14:40  Probe  
  88  14:48  Photon Cannon  
  88  14:49  Photon Cannon  
  88  14:51  Photon Cannon  
  88  14:52  Photon Cannon  
  88  15:07  Probe  
  93  15:17  Probe  
  94  15:28  Probe  
  95  15:38  Nexus, Probe  
  95  15:40  Assimilator  
  92  15:44  Pylon  
  92  15:46  Pylon  
  92  15:50  Pylon  
  79  16:20  Stargate  
  79  16:22  Stargate  
  79  16:24  Stargate  
  79  16:25  Probe  
  76  16:27  Stargate  
  76  16:28  Stargate  
  77  16:35  Probe  
  77  16:37  Pylon  
  78  16:40  Pylon  
  78  16:46  Probe  
  79  16:56  Probe  
  80  17:07  Probe  
  80  17:15  Void Ray x3  
  81  17:16  Void Ray x2  
  100  17:58  Nexus  
  99  18:00  Pylon  
  99  18:03  Pylon  
  99  18:04  Pylon  
  102  18:17  Probe  
  108  18:22  Probe  
  113  18:28  Probe  
  113  18:33  Probe  
  118  18:38  Probe  
  120  18:44  Pylon  
  120  18:45  Pylon x2  
Show
View Real Time Build Order
Export as new Build Order

radgeRayden Zerg 

Build Orders: Hatch First 

Get SALT Encoding   

  12  0:01  Drone  
  13  0:12  Overlord  
  13  0:17  Drone  
  14  0:30  Drone  
  14  0:31  Drone  
  14  0:35  Drone  
  17  0:54  Hatchery  
  17  0:56  Drone  
  17  1:00  Drone  
  18  1:05  Extractor  
  17  1:17  Spawning Pool  
  16  1:19  Drone  
  16  1:23  Drone  
  18  1:41  Drone x2  
  20  1:49  Overlord  
  20  2:07  Queen  
  22  2:09  Queen  
  22  2:10  Drone x2  
  26  2:16  Evolution Chamber, Drone  
  26  2:21  Metabolic Boost  
  26  2:25  Drone  
  27  2:30  Zergling x2  
  27  2:32  Zergling x2  
  29  2:37  Zergling x2  
  29  2:43  Zergling x2  
  31  2:47  Drone  
  31  2:50  Drone  
  33  2:55  Pneumatized Carapace  
  33  2:56  Queen  
  35  2:58  Drone  
  36  3:13  Spine Crawler  
  36  3:16  Zergling x2  
  36  3:17  Zergling x2  
  36  3:18  Spine Crawler, Zergling x2  
  33  3:20  Zergling x2  
  34  3:29  Spine Crawler  
  31  3:34  Spine Crawler  
  30  3:49  Roach Warren  
  29  3:57  Extractor  
  29  4:01  Zergling x4  
  29  4:02  Zergling x2  
  28  4:22  Zergling x4  
  30  4:28  Zergling x2  
  28  4:37  Zergling x2  
  29  4:49  Spine Crawler  
  27  4:55  Spine Crawler  
  27  4:56  Roach x2  
  29  5:26  Overlord x3  
  29  5:34  Evolution Chamber  
  28  5:37  Zerg Missile Weapons Level 1  
  28  5:42  Drone x2  
  28  5:43  Spawning Pool, Drone  
  23  5:54  Queen  
  25  5:57  Roach  
  28  6:04  Roach x3  
  30  6:16  Roach  
  34  6:18  Roach  
  34  6:29  Roach x3  
  34  6:30  Roach  
  42  6:41  Roach  
  44  7:09  Hatchery  
  44  7:13  Zergling x2  
  46  8:41  Roach  
  46  8:50  Roach  
  46  8:55  Roach  
  50  8:57  Roach  
  52  9:11  Roach  
  52  9:14  Overlord x2  
  54  9:34  Roach x3  
  60  9:52  Queen  
  43  10:19  Hatchery  
  42  10:28  Queen, Ravager x5  
  45  10:45  Spore Crawler  
  44  11:03  Queen  
  46  11:21  Zerg Ground Armor Level 1  
  46  11:36  Drone x3  
  46  11:37  Drone  
  52  11:54  Queen  
  52  12:00  Lair  
  52  12:13  Drone x4  
  56  12:43  Spore Crawler  
  55  12:44  Drone x4  
  55  12:50  Roach x3  
  65  13:06  Nydus Network  
  65  13:11  Drone  
  65  13:12  Drone  
  66  13:18  Roach  
  66  13:19  Spine Crawler  
  67  13:21  Overlord  
  67  13:39  Queen, Zergling x4  
  71  13:44  Overlord  
  71  13:47  Zergling x8  
  71  13:48  Zergling x2  
  76  14:05  Overlord x2  
  76  14:22  Hatchery  
  75  14:28  Roach x3  
  81  14:50  Overlord x2  
  83  14:52  Roach  
  83  14:53  Roach  
  85  15:00  Nydus Canal  
  78  15:44  Hatchery  
  74  15:55  Spore Crawler x2  
Tags
 
Add a new tag
Caveats
  • Supply blocks, unpowered buildings, or Contaminate may cause inaccurate times.
  • Supply counts are checked every 10 seconds.